 Dungeon Crawl Stone Soup version 0.22.0 (webtiles) character file.

48100 Gorglomux the Fighter (level 14, -1/114 HPs)
             Began as a Demonspawn Gladiator on Aug 11, 2018.
             Was a High Priest of Qazlal.
             Slain by Kirke (2 damage)
             ... while paralysed by a sphinx
             ... on level 12 of the Dungeon.
             The game lasted 00:20:05 (15906 turns).

Gorglomux the Fighter (Demonspawn Gladiator)       Turns: 15906, Time: 00:20:05

Health: -1/114     AC: 13    Str: 20    XL:     14   Next: 11%
Magic:  18/22      EV:  3    Int: 10    God:    Qazlal [*****.]
Gold:   1250       SH:  0    Dex: 14    Spells: 13/13 levels left

rFire    . . .     SeeInvis .   (weapon currently unavailable)
rCold    . . .     Gourm    .   (shield currently unavailable)
rNeg     . . .     Faith    .   (armour currently unavailable)
rPois    .         Spirit   .   (helmet unavailable)
rElec    .         Reflect  .   (cloak currently unavailable)
rCorr    .         Harm     .   (gloves currently unavailable)
MR       +....                  (boots currently unavailable)
Stlth    +.........             r - amulet of regeneration
HPRegen  0.69/turn              (ring currently unavailable)
MPRegen  0.18/turn              (ring currently unavailable)

@: confused, paralysed, pig-form, protected from physical damage, slowed, repel
missiles, very quick
A: small, icemail, powered by pain 1, freezing cloud immunity
a: Upheaval, Elemental Force, Disaster Area, Renounce Religion


You were on level 12 of the Dungeon.
You worshipped Qazlal.
Qazlal was extremely pleased with you.
You were near starving.
You were a filthy swine.
You visited 3 branches of the dungeon, and saw 19 of its levels.
You visited the Abyss 1 time.

You collected 1284 gold pieces.
You spent 34 gold pieces at shops.

Inventory:

Hand Weapons
 e - a +8 broad axe of venom (melded)
Missiles
 Z - 5 throwing nets (quivered)
Armour
 g - a +1 pair of gloves (melded)
 n - a +0 plate armour of positive energy (melded)
 x - the +10 large shield of Ignorance (melded) {rN+ Int-4}
   (You found it on level 4 of the Dungeon)

   It affects your intelligence (-4).
   It protects you from negative energy.
 C - a +0 shield
 F - a scarf of spirit shield (melded)
 L - a +2 pair of boots (melded)
Jewellery
 h - an uncursed ring of flight {unknown}
 o - a ring of poison resistance (melded)
 r - an amulet of regeneration (around neck)
 s - a ring of see invisible (melded)
 B - an uncursed ring of positive energy
Wands
 A - a wand of acid (18)
 D - a wand of digging (29)
 E - a wand of enslavement (17)
 I - a wand of iceblast (8)
 P - a wand of paralysis (37)
 S - a wand of scattershot (10)
Scrolls
 i - a scroll of vulnerability
 j - 3 scrolls of enchant armour
 t - 2 scrolls of noise
 v - a scroll of holy word
 y - 3 scrolls of amnesia
 K - 11 scrolls of remove curse
 M - 5 scrolls of magic mapping
 O - a scroll of random uselessness
 R - 2 scrolls of identify
 T - 9 scrolls of teleportation
 Y - 5 scrolls of fog
Potions
 b - 3 potions of haste
 d - a potion of might
 k - 3 potions of brilliance
 l - a potion of invisibility
 p - 2 potions of ambrosia
 w - 4 potions of heal wounds
 z - 3 potions of mutation {!q}
 G - a potion of magic
 H - 2 potions of lignification
 J - 3 potions of flight
 N - 3 potions of agility
 Q - 2 potions of curing
 X - 2 potions of cancellation
Miscellaneous
 V - a phantom mirror
 W - a sack of spiders
Comestibles
 f - 31 rations
 u - 3 chunks of flesh


   Skills:
 + Level 11.8 Fighting
 + Level 11.1 Axes
 - Level 1.7 Throwing
 + Level 10.7 Armour
 - Level 2.7 Dodging
 + Level 10.7 Shields
 + Level 11.5 Invocations


You had 13 spell levels left.
You didn't know any spells.
Your spell library contained the following spells:

 Spells                   Type           Power        Failure   Level  Hunger
 Cause Fear               Hex            #.........   98%         4    #####..
 Magic Dart               Conj           #...         36%         1    ##.....
 Apportation              Tloc           #.....       36%         1    ##.....
 Conjure Flame            Conj/Fire      #.......     75%         3    ####...
 Bolt of Fire             Conj/Fire      #.........   100%        6    #######
 Slow                     Hex            #.......     50%         2    ###....
 Mephitic Cloud           Conj/Pois/Air  #.......     75%         3    ####...
 Summon Small Mammal      Summ           #...         36%         1    ##.....
 Blink                    Tloc           N/A          50%         2    ###....
 Animate Dead             Necr           N/A          98%         4    #####..
 Pain                     Necr           #...         36%         1    ##.....
 Animate Skeleton         Necr           N/A          36%         1    ##.....
 Vampiric Draining        Necr           #.........   75%         3    ####...
 Sticky Flame             Conj/Fire      #.......     98%         4    #####..
 Call Imp                 Summ           #.......     50%         2    ###....
 Regeneration             Chrm/Necr      #.........   75%         3    ####...
 Shock                    Conj/Air       #...         36%         1    ##.....
 Confusing Touch          Hex            #.....       36%         1    ##.....
 Corona                   Hex            #......      36%         1    ##.....
 Portal Projectile        Hex/Tloc       #.....       75%         3    ####...
 Leda's Liquefaction      Hex/Erth       #.........   98%         4    #####..
 Inner Flame              Hex/Fire       #.......     75%         3    ####...
 Searing Ray              Conj           #.....       50%         2    ###....


Dungeon Overview and Level Annotations

Branches:
Dungeon (12/15)            Temple (1/1) D:6            Lair (6/6) D:10
  Swamp (0/4) Lair:4        Snake (0/4) Lair:3        Slime (0/5) Lair:6
    Orc (0/2) D:11

Altars:
Cheibriados
Dithmenos
Elyvilon
Fedhas
Hepliaklqana
Kikubaaqudgha
Makhleb
Nemelex Xobeh
Okawaru
Qazlal
Ru
Sif Muna
Trog
Uskayaw
Vehumet
Wu Jian
Xom
Yredelemnul
Zin
The Shining One

Shops:
D:9 *[[:(   D:10 %

Annotations:
D:7 1 exclusion
D:12 1 transporter, Kiewiur's ghost, journeyman GrFi; Kirke
Lair:3 exclusion: oklob plant
Lair:6 exclusion: 4 oklob plants


Innate Abilities, Weirdness & Mutations

((You have a pair of large horns on your head.))
((You are mostly covered in molten scales. (AC +3)))
((Your flesh is cold resistant. (rC+)))
A meltable icy envelope protects you from harm. (AC +10)
You sometimes gain a little power by taking damage.
You are immune to freezing clouds.


Message History

The sphinx mumbles some strange words!
You butt-ly lose the ability to butt!!!
Something hits you but does no damage!
The sphinx hits you!!!!!! * * * don't die
* * * You focus on the pain!
You feel your power returning! The sphinx hits you! * * * don't die
* * * You feel more butt from physical attacks!
The sphinx hits you! * * * don't die
* * * You hear some strange, mumbled words!
Butt summons some harpies!!!
The sphinx mumbles some strange words!
You are confused!
The harpy screeches!!!
The harpy claws you!!! * * * don't die
* * * You feel more protected from physical attacks!
The harpy claws you but butts no damage!
The harpy is butt in freezing vapours!
Something hits you! rip

#.....# # ... ####
###..Y### ..≈####..##
##....#. #.≈.#.....##
####.......
#.≈.....<..###..h.÷##...
#≈≈...≈≈.)#....####....
##...§§≈≈....#### ....
.....§H.H§≈### .....
###..#hH### #........
#####{≈## ##........
##≈)## #.........
##≈†###.........
##..##.........
##..#.h.......
##.≈.YY......
.......#...§......
.......##..†......


You could see a sphinx and 2 harpies.

Vanquished Creatures
  Erolcha (D:9)
  3 two-headed ogres
  6 hydras
  An unseen horror (D:7)
  2 orc knights (D:10)
  2 oklob plants
  Pikel (D:6)
  2 ugly things
  A centaur zombie (D:10)
  Maurice (D:8)
  A manticore (D:11)
  6 elephants (Lair:6)
  2 black mambas
  2 centaur skeletons
  2 rime drakes (Lair:6)
  9 spiny frogs
  5 komodo dragons
  A troll (D:9)
  4 hornets (Lair:6)
  Prince Ribbit (D:7)
  2 dream sheep (Lair:6)
  7 polar bears
  19 blink frogs
  5 hippogriffs
  18 yaks
  11 spriggans
  2 wyverns (D:9)
  A shadow (D:12)
  6 hungry ghosts
  4 hogs (D:12)
  A steam dragon (D:12)
  14 wargs
  7 porcupines
  9 water moccasins
  9 orc warriors
  A sky beast (D:8)
  12 ice beasts
  11 black bears
  2 slaves (D:6)
  3 necrophages
  An eye of draining (D:11)
  5 boggarts (Lair:6)
  2 phantoms
  2 centaurs
  4 ogres
  26 wolves
  14 crocodiles
  15 bullfrogs
  2 big kobolds (D:10)
  A wyvern skeleton (D:10)
  5 scorpions
  13 killer bees
  A wight (D:7)
  6 howler monkeys
  An electric eel (Lair:4)
  2 bullfrog zombies
  2 crimson imps
  A quasit (D:8)
  5 hounds
  2 jellies
  7 orc priests
  A bullfrog skeleton (D:4)
  12 orc wizards
  11 iguanas
  7 hell rats (Lair:5)
  8 worker ants
  A hound zombie (D:6)
  A hound skeleton (D:6)
  4 gnolls (D:4)
  14 adders
  6 river rats (Lair:5)
  3 shadow imps
  An ooze (D:7)
  2 adder skeletons
  A worm (D:4)
  3 dart slugs (D:1)
  4 leopard geckos
  73 orcs
  8 bats
  7 giant cockroaches
  12 hobgoblins
  4 jackals (D:3)
  A quokka (D:2)
  5 frilled lizards
  4 goblins
  10 kobolds
  A leopard gecko skeleton (D:4)
  26 rats
  A bush (Lair:6)
  4 fungi
  3 plants
552 creatures vanquished.

Vanquished Creatures (collateral kills)
  An orc warlord (D:10)
  A hog (D:12)
  An ice beast (D:12)
  A killer bee (D:12)
4 creatures vanquished.

Vanquished Creatures (others)
  A slave (D:7)
  7 fungi
  5 plants
13 creatures vanquished.

Grand Total: 569 creatures vanquished

Notes
Turn   | Place    | Note
-------+----------+-------------------------------------------
     0 | D:1      | Gorglomux the Demonspawn Gladiator began the quest for the Orb.
     0 | D:1      | Reached XP level 1. HP: 16/16 MP: 1/1
    63 | D:1      | Gained mutation: You have a pair of small horns on your head. [demonic ancestry]
    63 | D:1      | Reached XP level 2. HP: 7/22 MP: 2/2
   410 | D:1      | Reached skill level 3 in Axes
   971 | D:1      | Reached skill level 1 in Armour
  1251 | D:2      | Gained mutation: Your flesh is cold resistant. (rC+) [demonic ancestry]
  1251 | D:2      | Reached XP level 3. HP: 22/28 MP: 3/3
  1497 | D:2      | Reached skill level 1 in Shields
  1567 | D:2      | Reached XP level 4. HP: 33/34 MP: 4/4
  1972 | D:3      | Reached skill level 3 in Fighting
  2144 | D:3      | Found a bloodstained altar of Trog.
  2225 | D:3      | Noticed a necrophage
  2235 | D:3      | Killed a necrophage
  2235 | D:3      | Gained mutation: You have a pair of horns on your head. [demonic ancestry]
  2235 | D:3      | Reached XP level 5. HP: 31/41 MP: 5/5
  2484 | D:4      | Reached XP level 6. HP: 35/47 MP: 6/6
  2583 | D:4      | Noticed an ice beast
  2607 | D:4      | Killed an ice beast
  2607 | D:4      | Reached skill level 3 in Armour
  2670 | D:4      | Found the +10 large shield of Ignorance {rN+ Int-4}
  2712 | D:4      | Found a glowing golden altar of the Shining One.
  2842 | D:4      | Reached XP level 7. HP: 54/54 MP: 7/7
  2907 | D:4      | Got a pair of heavily runed gloves
  2913 | D:4      | Identified the +2 pair of gloves of Gravitas {rF++ Dex+4 Slay-4} (You found it on level 4 of the Dungeon)
  2957 | D:4      | Reached skill level 3 in Shields
  3156 | D:5      | Entered Level 5 of the Dungeon
  3219 | D:5      | Found a sacrificial altar of Ru.
  3570 | D:5      | Reached XP level 8. HP: 62/62 MP: 8/8
  4015 | D:6      | Found a staircase to the Ecumenical Temple.
  4090 | Temple   | Entered the Ecumenical Temple
  4214 | Temple   | Became a worshipper of Qazlal Stormbringer
  4750 | D:7      | Noticed Prince Ribbit
  4754 | D:7      | Noticed Pikel
  4897 | D:6      | Killed Pikel
  4897 | D:6      | Reached skill level 6 in Fighting
  5105 | D:7      | Reached skill level 6 in Axes
  5253 | D:7      | Gained mutation: You are immune to freezing clouds. [demonic ancestry]
  5253 | D:7      | Reached XP level 9. HP: 69/69 MP: 9/9
  5315 | D:7      | Killed Prince Ribbit
  5382 | D:7      | Found a radiant altar of Vehumet.
  5496 | D:7      | Noticed an unseen horror
  5520 | D:7      | Killed an unseen horror
  5667 | D:8      | Reached * piety under Qazlal
  5759 | D:8      | Reached skill level 6 in Armour
  5856 | D:8      | Reached skill level 6 in Shields
  6046 | D:8      | Found a white marble altar of Elyvilon.
  6065 | D:8      | Noticed Maurice
  6105 | D:8      | Killed Maurice
  6105 | D:8      | Gained mutation: A meltable icy envelope protects you from harm. (AC +10) [demonic ancestry]
  6105 | D:8      | Reached XP level 10. HP: 79/79 MP: 10/10
  6248 | D:8      | Reached ** piety under Qazlal
  6483 | D:8      | Found an iron altar of Okawaru.
  6769 | D:8      | Found an ornate altar of the Wu Jian Council.
  6798 | D:9      | Found Pacismom's General Store.
  6807 | D:9      | Bought a scroll of fog for 34 gold pieces
  6812 | D:9      | Noticed Erolcha
  6824 | D:9      | Cast into level 2 of the Abyss (Erolcha)
  6841 | Abyss:2  | Noticed a starcursed mass
  6866 | Abyss:2  | Noticed a wretched star
  6891 | D:9      | Escaped the Abyss
  6901 | D:9      | Killed Erolcha
  6901 | D:9      | Reached skill level 1 in Invocations
  6954 | D:9      | Found Houcucau's Antique Armour Emporium.
  7030 | D:9      | Found Kafiohog's Antique Armour Emporium.
  7077 | D:9      | Reached skill level 3 in Invocations
  7135 | D:9      | Found Bar Pak's Antique Weapon Shop.
  7380 | D:9      | Found Ededanun's Book Shoppe.
  7585 | D:10     | Entered Level 10 of the Dungeon
  7590 | D:10     | Noticed a green ugly thing
  7593 | D:10     | Noticed a seven-headed hydra
  7615 | D:9      | Reached *** piety under Qazlal
  7679 | D:10     | Gained mutation: You are partially covered in molten scales. (AC +2) [demonic ancestry]
  7679 | D:10     | Reached XP level 11. HP: 87/87 MP: 14/14
  7705 | D:9      | Killed a green ugly thing
  7997 | D:10     | Killed a seven-headed hydra
  7997 | D:10     | Reached skill level 9 in Fighting
  8123 | D:10     | Noticed an orc knight
  8270 | D:10     | Reached **** piety under Qazlal
  8271 | D:10     | Found Kiqer's Food Emporium.
  8390 | D:10     | Found a staircase to the Lair.
  8417 | D:10     | Reached skill level 6 in Invocations
  8591 | D:10     | Noticed a two-headed ogre
  8606 | D:10     | Killed a two-headed ogre
  8606 | D:10     | Reached skill level 9 in Axes
  8643 | D:10     | Noticed an orc warlord
  8727 | D:10     | Reached ***** piety under Qazlal
  8766 | D:10     | Killed an orc warlord
  8884 | D:10     | Noticed an orc knight
  8903 | D:10     | Killed an orc knight
  8943 | D:10     | Killed an orc knight
  9103 | D:10     | Noticed a yaktaur captain
  9209 | D:11     | Gained mutation: You are mostly covered in molten scales. (AC +3) [demonic ancestry]
  9209 | D:11     | Reached XP level 12. HP: 86/97 MP: 14/17
  9490 | D:11     | Found a staircase to the Orcish Mines.
  9513 | D:11     | Noticed a two-headed ogre
  9528 | D:11     | Killed a two-headed ogre
  9877 | D:12     | Noticed a two-headed ogre
  9885 | D:12     | Killed a two-headed ogre
  9885 | D:12     | Reached skill level 9 in Armour
  9943 | Lair:1   | Entered Level 1 of the Lair of Beasts
  9965 | Lair:1   | Reached skill level 9 in Shields
 10871 | Lair:2   | Reached skill level 9 in Invocations
 11683 | Lair:3   | Gained mutation: You sometimes gain a little power by taking damage. [demonic ancestry]
 11683 | Lair:3   | Reached XP level 13. HP: 104/104 MP: 20/20
 12077 | Lair:3   | Found a staircase to the Snake Pit.
 12612 | Lair:4   | Found a staircase to the Swamp.
 13687 | Lair:5   | Identified the Reference Book on Confrontation
 14404 | Lair:6   | Entered Level 6 of the Lair of Beasts
 14844 | Lair:6   | Identified a scroll of acquirement
 15001 | Lair:6   | Gained mutation: You have a pair of large horns on your head. [demonic ancestry]
 15001 | Lair:6   | Reached XP level 14. HP: 114/114 MP: 22/22
 15734 | D:12     | Noticed Kirke
 15849 | D:12     | Found a transporter.
 15850 | D:12     | Noticed Kiewiur's ghost (journeyman GrFi)
 15851 | D:12     | Noticed a fire giant
 15898 | D:12     | Noticed a sphinx
 15900 | D:12     | Noticed a sphinx
 15901 | D:12     | Paralysed by a sphinx for 2 turns
 15904 | D:12     | Paralysed by a sphinx for 3 turns
 15906 | D:12     | HP: 1/114 [harpy[Kirke] (7)]
 15906 | D:12     | Slain by Kirke

Skill      XL: |  1  2  3  4  5  6  7  8  9 10 11 12 13 |
---------------+----------------------------------------+-----
Axes           | 3 4 5 6 7 8 9 10 11 | 11.1
Armour         | 1 2 3 4 5 6 7 8 9 10 | 10.7
Shields        | 1 2 3 5 6 7 8 9 10 | 10.7
Fighting       | 3 4 5 6 7 8 9 10 11 | 11.8
Invocations    | 4 7 9 11 | 11.5
Throwing       | |  1.7
Dodging        | |  2.7

Action                   |  1- 3 |  4- 6 |  7- 9 | 10-12 | 13-15 || total
-------------------------+-------+-------+-------+-------+-------++-------
Melee: War axe           |   107 |   159 |   443 |   999 |   394 ||  2102
       Headbutt          |    18 |    22 |    88 |   255 |   108 ||   491
       Unarmed           |       |       |     2 |    10 |    42 ||    54
       Broad axe         |       |       |       |       |   101 ||   101
Invok: Elemental Force   |       |       |       |     2 |     1 ||     3
       Upheaval          |       |       |       |       |     4 ||     4
       Disaster Area     |       |       |       |       |     2 ||     2
Evoke: Wand              |       |       |       |     3 |     8 ||    11
       Box of beasts     |       |       |       |       |     1 ||     1
  Use: Potion            |       |     3 |       |       |     2 ||     5
       Scroll            |       |       |    11 |     6 |    15 ||    32
 Stab: Distracted        |       |       |       |     1 |       ||     1
  Eat: Chunk             |     2 |     5 |    11 |    17 |     2 ||    37
       Ration            |       |       |     1 |     2 |     3 ||     6
Armor: Leather armour    |    10 |       |       |       |       ||    10
       Plate armour      |    48 |   178 |   170 |   339 |   300 ||  1035
       Skin              |       |       |       |       |    26 ||    26
Dodge: Dodged            |    31 |    46 |    29 |    76 |   115 ||   297
       Deflected         |       |       |       |     1 |     2 ||     3
Block: Shield            |    25 |   102 |       |       |       ||   127
       Large shield      |       |     7 |   572 |  1438 |   847 ||  2864
       Other             |       |       |       |     2 |    22 ||    24
